 Dungeon Crawl Stone Soup version 0.21-a0-417-g0adc95b (webtiles) character file.

93727 Ijustatesigmund the Covert (level 16, -19/109 HPs)
             Began as an Octopode Assassin on Nov 3, 2017.
             Was the Champion of Cheibriados.
             Demolished by an enormous slime creature (84 damage)
             ... on level 1 of the Depths.
             The game lasted 01:55:11 (30187 turns).

Ijustatesigmund the Covert (Octopode Assassin)     Turns: 30187, Time: 01:55:12

Health: -19/109    AC: 12    Str: 28    XL:     16   Next: 9%
Magic:  21/28      EV: 25    Int: 38    God:    Cheibriados [******]
Gold:   1503       SH: 11    Dex: 36    Spells: 9/31 levels left

rFire    . . .     SeeInvis +   w - +7 dagger (protect)
rCold    + . .     Gourm    .   C - +3 buckler
rNeg     + . .     Faith    .   D - +2 hat
rPois    +         Spirit   .   (no amulet)
rElec    .         Reflect  .   t - ring of protection from cold
rCorr    +         Harm     .   H - ring of poison resistance
MR       +....                  K - +4 ring of dexterity
Stlth    ++++++++..             U - +4 ring of intelligence
HPRegen  1.28/turn              g - ring of positive energy
MPRegen  0.21/turn              P - ring "Ocaenlib" {Wiz SInv}
                                M - +5 ring of intelligence
                                z - ring of resist corrosion

@: protection aura, regenerating, very slow
A: almost no armour, stealthy swim, amphibious, 8 rings, constrict 8, fangs 1,
slimy green scales 1, camouflage 1, gelatinous body 1
a: Bend Time, Temporal Distortion, Slouch, Step From Time, Renounce Religion


You were on level 1 of the Depths.
You worshipped Cheibriados.
Cheibriados was exalted by your worship.
You were not hungry.

You visited 6 branches of the dungeon, and saw 26 of its levels.
You also visited: Ice Cave.

You collected 2327 gold pieces.
You spent 824 gold pieces at shops.

Inventory:

Hand Weapons
 w - a +7 dagger of protection (weapon)
 V - a +3 blowgun
Missiles
 c - 51 poisoned needles
 F - 3 needles of sleeping
 S - 10 javelins (quivered)
Armour
 C - a +3 buckler (worn)
 D - a +2 hat (worn)
Jewellery
 g - a ring of positive energy (on tentacle)
 t - a ring of protection from cold (left tentacle)
 z - a ring of resist corrosion (on tentacle)
 H - a ring of poison resistance (right tentacle)
 K - a +4 ring of dexterity (on tentacle)
 M - a +5 ring of intelligence (on tentacle)
 P - the ring "Ocaenlib" (on tentacle) {Wiz SInv}
   (You found it on level 6 of the Lair of Beasts)

   [ring of wizardry]

   It improves your spell success rate.
   It lets you see invisible.
 U - a +4 ring of intelligence (on tentacle)
Wands
 d - a wand of iceblast (8/15)
 n - a wand of digging (0/24)
 x - a wand of scattershot (7/9)
 B - a wand of lightning (3/15)
 I - a wand of flame (38/48)
 J - a wand of acid (4/15)
 L - a wand of digging (5/24)
 Q - a wand of confusion (24/48)
 Y - a wand of enslavement (11/24)
Scrolls
 i - 5 scrolls of amnesia
 j - 10 scrolls of teleportation
 m - 4 scrolls of immolation
 r - 7 scrolls of remove curse
 y - 4 scrolls of recharging
 A - 4 scrolls of identify
 E - 3 scrolls of fog
Potions
 a - a potion of brilliance
 e - 2 potions of mutation
 h - 11 potions of curing
 k - 3 potions of flight
 l - 5 potions of agility
 o - a potion of magic
 p - 4 potions of lignification
 q - 4 potions of heal wounds
 s - 2 potions of resistance
 v - 2 potions of ambrosia
 W - 2 potions of invisibility
Miscellaneous
 b - a lightning rod (4/4)
 R - a phial of floods (inert)
 T - 2 phantom mirrors
Comestibles
 f - 15 bread rations
 u - 25 royal jellies
 G - 8 meat rations


   Skills:
 - Level 10.0 Fighting
 - Level 11.4 Short Blades
 - Level 6.8 Throwing
 - Level 9.2 Dodging
 - Level 13.1 Stealth
 - Level 5.0 Shields
 - Level 8.1 Spellcasting
 - Level 3.6 Conjurations
 - Level 7.0 Charms
 + Level 7.7 Necromancy
 - Level 1.7 Translocations
 - Level 3.6 Fire Magic
 - Level 7.2 Ice Magic
 - Level 11.2 Invocations


You had 9 spell levels left.
You knew the following spells:

 Your Spells              Type           Power        Failure   Level  Hunger
a - Apportation           Tloc           ####..       1%          1    None
b - Regeneration          Chrm/Necr      ######....   1%          3    None
c - Ozocubu's Armour      Chrm/Ice       ######..     1%          3    None
d - Vampiric Draining     Necr           ######....   1%          3    None
e - Mephitic Cloud        Conj/Pois/Air  ###.....     1%          3    None
f - Ensorcelled Hibernat  Hex/Ice        #####.       1%          2    None
g - Conjure Flame         Conj/Fire      #####...     1%          3    None
h - Lesser Beckoning      Tloc           ####......   1%          3    None
i - Summon Butterflies    Summ           ###.....     1%          1    None


Dungeon Overview and Level Annotations

Branches:
Dungeon (15/15) Temple (1/1) D:7 Lair (6/6) D:9 Swamp (1/4) Lair:2 Spider (0/4) Lair:2 Slime (0/5) Lair:5 Orc (2/2) D:12 Elf (0/3) Orc:2 Vaults (0/5) D:13 D:14 Depths (1/5) D:15

Altars:
Ashenzari
Cheibriados
Dithmenos
Elyvilon
Fedhas
Gozag
Hepliaklqana
Kikubaaqudgha
Makhleb
Nemelex Xobeh
Okawaru
Qazlal
Ru
Sif Muna
Trog
Uskayaw
Vehumet
Wu Jian
Xom
Yredelemnul
Zin
The Shining One
Beogh
Jiyva

Shops:
D:13 %   D:14 !%*[   Orc:2 ?*([

Portals:
Abyss: Depths:1
Pandemonium: Depths:1
Trove: D:10 (show slimy rune of Zot)

Annotations:
D:15 2 runed doors
Lair:6 exclusion: 4 oklob plants, ximxim's ghost, journeyman BaFE
Swamp:1 exclusion: Roxanne, Roxanne


Innate Abilities, Weirdness & Mutations

You cannot wear most types of armour.
You are very stealthy in the water. (Stealth+)
You are amphibious.
You can wear up to eight rings at the same time.
You can use your tentacles to constrict eight enemies at once.
Your skin changes colour to match your surroundings (Stealth+).
Your rubbery body absorbs attacks. (AC +1, EV +1)
You have very sharp teeth.
You are partially covered in slimy green scales. (AC +2)


Message History

You hit the enormous slime creature.
Your weapon exudes an aura of protection.
The enormous slime creature is moderately wounded.
You hit the enormous slime creature.
The enormous slime creature is moderately wounded.
The enormous slime creature hits you!!
You puncture the enormous slime creature!
Your bite misses the enormous slime creature.
You squeeze the enormous slime creature.
The enormous slime creature is moderately wounded.
You hit the enormous slime creature.
Your squeeze misses the enormous slime creature.
The enormous slime creature is moderately wounded.
You block the enormous slime creature's attack.
Casting: Vampiric Draining
Confirm with . or Enter, or press ? or * to list all spells.
Your skin crawls.
The enormous slime creature hits you!!!!
Ouch! That really hurt!
You die...

♣≈≈≈≈≈≈.≈≈≈≈♣
♣♣≈≈≈≈≈≈.≈≈≈♣
≈≈≈≈≈≈≈≈)≈≈≈♣
≈≈≈≈≈≈P≈.≈≈≈#
♣≈≈≈≈≈≈(P♣##
#♣♣≈≈♣...# ## #...#
##################.###
#......#8#...@JCJ..#
###....).'∩#.#########
##.'......#8#.#
...#......###.#
####..........#
#..........#
#.......∩..#
#..........#
#########'##


You could see a stone giant, an enormous slime creature and a large slime
creature.

Vanquished Creatures
  Rupert (D:13)
  A sphinx (D:13)
  Kirke (D:12)
  A fire giant (D:15)
  An orc warlord (Orc:2)
  Nessos (Orc:2)
  A blizzard demon (IceCv)
  A merfolk impaler (Depths:1)
  5 hydras
  A ghost crab (Swamp:1)
  10 two-headed ogres
  3 catoblepae (Lair:6)
  3 centaur warriors
  A tengu warrior (D:15)
  Urug (D:13)
  7 death yaks (Lair:6)
  A wolf spider zombie (D:14)
  A necromancer (D:14)
  A swamp dragon (Swamp:1)
  An orb spider (shapeshifter) (D:14)
  A deep elf mage (D:13)
  3 orc knights
  9 ugly things
  4 orc sorcerers
  5 cyclopes
  A manticore (shapeshifter) (D:13)
  6 elephants (Lair:6)
  2 ice statues (IceCv)
  3 manticores
  2 black mambas
  9 spiny frogs
  3 gargoyles
  A rime drake (Lair:4)
  3 yaktaurs (D:15)
  2 kobold demonologists
  A freezing wraith (D:14)
  4 komodo dragons
  10 ice devils (IceCv)
  An efreet (D:13)
  8 trolls
  2 polar bears (Lair:6)
  A hornet (Swamp:1)
  3 tyrant leeches
  A wolf spider simulacrum (D:14)
  3 meliai (D:13)
  A queen bee (D:10)
  15 hippogriffs
  4 blink frogs (Lair:5)
  2 slime creatures (D:13)
  A bog body (Swamp:1)
  A dream sheep (Lair:6)
  A meliai zombie (D:12)
  2 vampires
  3 shadows
  3 water elementals
  A spriggan (Swamp:1)
  2 wyverns
  2 wraiths
  64 yaks
  A basilisk (D:9)
  17 humans (D:13)
  3 hungry ghosts
  A steam dragon (D:13)
  3 wargs
  11 vampire mosquitoes
  A swamp worm (Swamp:1)
  A two-headed ogre zombie (D:12)
  8 water moccasins
  11 porcupines
  32 orc warriors
  4 ice beasts
  4 sky beasts
  2 black bears
  5 phantoms
  9 ogres
  10 wolves
  8 centaurs
  10 crocodiles
  2 big kobolds
  11 bullfrogs
  A gnoll sergeant (D:6)
  A wyvern skeleton (D:12)
  4 scorpions
  26 killer bees (D:10)
  3 troll zombies (D:12)
  2 wights (D:10)
  5 howler monkeys
  5 electric eels
  18 crimson imps
  6 bullfrog zombies
  3 centaur zombies
  2 quasits (D:13)
  3 bullfrog skeletons
  23 orc priests
  5 centaur skeletons
  7 hounds
  8 jellies
  30 orc wizards
  4 iguanas
  11 worker ants
  4 ogre zombies (D:12)
  A hound skeleton (D:7)
  A worker ant zombie (D:10)
  4 gnolls (D:6)
  11 adders
  A howler monkey skeleton (D:10)
  2 shadow imps
  11 white imps
  6 ufetubi (IceCv)
  6 oozes
  2 adder zombies
  2 adder skeletons
  2 worms
  2 dart slugs
  5 leopard geckos
  102 orcs
  8 bats
  5 giant cockroaches
  6 hobgoblins
  13 jackals
  12 kobolds
  5 quokkas
  4 frilled lizards
  9 goblins
  A goblin skeleton (D:12)
  2 hobgoblin skeletons (D:12)
  3 orc skeletons (D:12)
  19 orc zombies (D:12)
  6 rats
  A fungus (Lair:6)
  A plant (Lair:6)
811 creatures vanquished.

Vanquished Creatures (others)
  5 humans (D:13)
  A bullfrog zombie (D:13)
  A white imp (IceCv)
  2 ufetubi (IceCv)
  17 fungi
  37 plants
63 creatures vanquished.

Grand Total: 874 creatures vanquished

Notes
Turn   | Place    | Note
-------+----------+-------------------------------------------
     0 | D:1      | Ijustatesigmund the Octopode Assassin began the quest for the Orb.
     0 | D:1      | Reached XP level 1. HP: 14/14 MP: 1/1
    54 | D:1      | Reached XP level 2. HP: 17/19 MP: 2/2
   914 | D:1      | Gained mutation: You have very sharp teeth. [potion of mutation]
   914 | D:1      | Gained mutation: You are partially covered in slimy green scales. (AC +2) [potion of mutation]
   968 | D:2      | Reached skill level 6 in Stealth
   975 | D:2      | Reached XP level 3. HP: 21/24 MP: 3/3
  1137 | D:2      | Learned a level 1 spell: Apportation
  1146 | D:2      | Found a shattered altar of Ashenzari.
  1763 | D:3      | Reached XP level 4. HP: 26/29 MP: 4/4
  1805 | D:3      | Noticed a hand axe
  1807 | D:3      | Noticed a dagger
  1808 | D:3      | Found a hide-covered altar of Uskayaw.
  1815 | D:3      | Reached skill level 1 in Translocations
  1827 | D:3      | Reached XP level 5. HP: 31/34 MP: 5/5
  1929 | D:3      | Found a bloodstained altar of Trog.
  1930 | D:3      | Found an opulent altar of Gozag.
  2911 | D:4      | Reached XP level 6. HP: 41/41 MP: 6/6
  2974 | D:4      | Noticed a phantom
  3162 | D:4      | Found an ancient bone altar of Kikubaaqudgha.
  4094 | D:5      | Entered Level 5 of the Dungeon
  4096 | D:5      | Reached XP level 7. HP: 18/46 MP: 7/7
  5211 | D:6      | Reached skill level 5 in Dodging
  5262 | D:6      | Reached XP level 8. HP: 54/54 MP: 8/8
  5661 | D:6      | Found a stormy altar of Qazlal.
  5692 | D:6      | Reached skill level 5 in Fighting
  5817 | D:6      | Reached skill level 7 in Stealth
  6239 | D:6      | Reached skill level 8 in Stealth
  6279 | D:6      | Reached skill level 5 in Short Blades
  6279 | D:6      | Reached XP level 9. HP: 44/61 MP: 9/9
  6421 | D:6      | Found a burning altar of Makhleb.
  6422 | D:6      | Found a shimmering altar of Xom.
  6676 | D:7      | Found a staircase to the Ecumenical Temple.
  6683 | Temple   | Entered the Ecumenical Temple
  6872 | Temple   | Became a worshipper of Cheibriados the Contemplative
  6964 | D:7      | Reached skill level 1 in Invocations
  6998 | D:7      | Reached skill level 1 in Spellcasting
  7035 | D:7      | You fall through a shaft for 2 floors!
  7110 | D:9      | Reached * piety under Cheibriados
  7791 | D:8      | Reached skill level 5 in Invocations
  7842 | D:7      | Learned a level 3 spell: Regeneration
  7896 | D:7      | Reached skill level 9 in Stealth
  7963 | D:7      | Reached skill level 1 in Necromancy
  7979 | D:7      | Found a stormy altar of Qazlal.
  8298 | D:8      | Reached skill level 1 in Charms
  8379 | D:8      | Reached ** piety under Cheibriados
  8379 | D:8      | Reached XP level 10. HP: 66/66 MP: 16/16
  8716 | D:8      | Found a basalt altar of Yredelemnul.
  9410 | D:9      | Reached skill level 10 in Stealth
  9413 | D:9      | Found a staircase to the Lair.
  9578 | D:9      | Reached *** piety under Cheibriados
 10043 | D:10     | Entered Level 10 of the Dungeon
 10098 | D:10     | Reached skill level 5 in Throwing
 10354 | D:10     | Noticed a two-headed ogre
 10361 | D:10     | Killed a two-headed ogre
 10464 | D:10     | Noticed a two-headed ogre
 10466 | D:10     | Killed a two-headed ogre
 10466 | D:10     | Reached XP level 11. HP: 75/75 MP: 17/17
 10483 | D:10     | Reached **** piety under Cheibriados
 10589 | D:10     | Learned a level 3 spell: Ozocubu's Armour
 10620 | D:10     | Noticed a two-headed ogre
 10624 | D:10     | Killed a two-headed ogre
 10624 | D:10     | Reached skill level 1 in Ice Magic
 10661 | D:10     | Found a portal to a secret trove of treasure.
 11582 | D:10     | Reached ***** piety under Cheibriados
 11649 | D:10     | Learned a level 3 spell: Vampiric Draining
 11775 | D:11     | Noticed a two-headed ogre
 11797 | D:11     | Killed a two-headed ogre
 11820 | D:11     | Reached skill level 5 in Ice Magic
 11943 | D:11     | Reached skill level 5 in Charms
 11997 | D:11     | Noticed a cyclops
 12016 | D:11     | Killed a cyclops
 12260 | D:11     | Reached skill level 5 in Necromancy
 12297 | D:11     | Reached XP level 12. HP: 82/82 MP: 12/18
 12693 | D:12     | Found a staircase to the Orcish Mines.
 12939 | D:12     | Reached ****** piety under Cheibriados
 13095 | D:12     | Noticed an eight-headed hydra
 13096 | D:12     | Killed an eight-headed hydra
 13138 | D:12     | Noticed a five-headed hydra
 13145 | D:12     | Killed a five-headed hydra
 13204 | D:12     | Noticed a two-headed ogre
 13220 | D:12     | Killed a two-headed ogre
 13679 | D:13     | Learned a level 3 spell: Mephitic Cloud
 13712 | D:13     | Found a runed door.
 13796 | D:13     | Noticed a two-headed ogre
 13810 | D:13     | Killed a two-headed ogre
 13937 | D:13     | Found Ysudghyr's Food Shoppe.
 14070 | D:13     | Noticed Kirke
 14087 | D:12     | Killed Kirke
 14422 | D:13     | Noticed a centaur warrior
 14435 | D:13     | Killed a centaur warrior
 14435 | D:13     | Reached XP level 13. HP: 71/88 MP: 3/19
 14773 | D:13     | Found a viscous altar of Jiyva.
 15465 | D:13     | Noticed a sphinx
 15489 | D:13     | Killed a sphinx
 15747 | D:13     | Learned a level 2 spell: Ensorcelled Hibernation
 15751 | D:13     | Learned a level 3 spell: Conjure Flame
 15808 | D:14     | Found a gate to the Vaults.
 15808 | D:14     | Noticed Urug
 15808 | D:14     | Noticed Rupert
 15878 | Lair:1   | Entered Level 1 of the Lair of Beasts
 16073 | Lair:1   | Reached skill level 1 in Conjurations
 16073 | Lair:1   | Reached skill level 1 in Fire Magic
 16313 | Lair:1   | Reached skill level 1 in Shields
 16858 | Lair:2   | Got an ancient war axe
 16859 | Lair:2   | Identified the +9 war axe of Dismay {freeze, *Corrode rF+ rC+ Int+2} (You found it on level 2 of the Lair of Beasts)
 17058 | Lair:2   | Found a staircase to the Swamp.
 17085 | Swamp:1  | Entered Level 1 of the Swamp
 17085 | Swamp:1  | Noticed Roxanne
 17141 | Swamp:1  | Found a frozen archway.
 17151 | IceCv    | Entered an ice cave
 18151 | IceCv    | Reached skill level 5 in Spellcasting
 18310 | IceCv    | Noticed a blizzard demon
 18329 | IceCv    | Killed a blizzard demon
 19389 | Swamp:1  | Reached XP level 14. HP: 70/95 MP: 15/21
 19654 | Lair:2   | Found a hole to the Spider Nest.
 20423 | Lair:3   | Reached skill level 5 in Shields
 21101 | Orc:1    | Entered Level 1 of the Orcish Mines
 21190 | Orc:1    | Reached skill level 10 in Invocations
 21626 | Orc:2    | Entered Level 2 of the Orcish Mines
 21681 | Orc:2    | Noticed Nessos
 21697 | Orc:2    | Killed Nessos
 21765 | Orc:2    | Found a roughly hewn altar of Beogh.
 21847 | Orc:2    | Found a staircase to the Elven Halls.
 21926 | Orc:2    | Found a roughly hewn altar of Beogh.
 21926 | Orc:2    | Found Yzxoah's Magic Scroll Emporium.
 21960 | Orc:2    | Bought a scroll of enchant armour for 120 gold pieces
 21960 | Orc:2    | Bought a scroll of enchant weapon for 120 gold pieces
 21960 | Orc:2    | Bought 3 scrolls of teleportation for 144 gold pieces
 22002 | Orc:2    | Noticed an orc warlord
 22201 | Orc:2    | Found a roughly hewn altar of Beogh.
 22267 | Orc:2    | Found a roughly hewn altar of Beogh.
 22273 | Orc:2    | Found Sukeimn's Assorted Antiques.
 22403 | Orc:2    | Killed an orc warlord
 22438 | Orc:2    | Found Rotwyp's Antique Armour Boutique.
 22439 | Orc:2    | Found a roughly hewn altar of Beogh.
 22440 | Orc:2    | Found Ruunupp's Antique Weapon Shop.
 22510 | Orc:2    | Found a roughly hewn altar of Beogh.
 22687 | Orc:2    | Found a roughly hewn altar of Beogh.
 22818 | Orc:2    | Found a roughly hewn altar of Beogh.
 22866 | Orc:2    | Found a roughly hewn altar of Beogh.
 24198 | Lair:5   | Found a staircase to the Slime Pits.
 24198 | Lair:5   | Found a viscous altar of Jiyva.
 24594 | Lair:6   | Entered Level 6 of the Lair of Beasts
 24625 | Lair:6   | Noticed ximxim's ghost (journeyman BaFE)
 25013 | Lair:6   | Got a crude steel ring
 25293 | Lair:6   | Identified the ring "Ocaenlib" {Wiz SInv} (You found it on level 6 of the Lair of Beasts)
 25338 | Lair:6   | Reached skill level 10 in Fighting
 25475 | Lair:6   | Learned a level 3 spell: Lesser Beckoning
 25477 | Lair:6   | Learned a level 1 spell: Summon Butterflies
 25523 | Lair:6   | Reached XP level 15. HP: 103/103 MP: 18/23
 25916 | Lair:6   | Reached skill level 10 in Short Blades
 26448 | Lair:6   | Reached skill level 11 in Stealth
 27782 | D:13     | Killed Rupert
 27873 | D:13     | Reached skill level 12 in Stealth
 27883 | D:13     | Killed Urug
 28389 | D:14     | Found Fafoipp's Food Emporium.
 28399 | D:14     | Found Doiceosk's Distillery.
 28502 | D:14     | Bought a potion of heal wounds for 65 gold pieces
 28502 | D:14     | Bought a potion of invisibility for 104 gold pieces
 28502 | D:14     | Bought a potion of brilliance for 52 gold pieces
 28502 | D:14     | Bought a potion of curing for 39 gold pieces
 28532 | D:14     | Found Xedd's Assorted Antiques.
 28549 | D:14     | Bought a shiny tourmaline ring for 180 gold pieces
 28914 | D:14     | Found Ypaitu's Armour Shoppe.
 29142 | D:15     | Entered Level 15 of the Dungeon
 29250 | D:15     | Found a staircase to the Depths.
 29250 | D:15     | Noticed a fire giant
 29268 | D:15     | Killed a fire giant
 29271 | Depths:1 | Entered Level 1 of the Depths
 29324 | D:15     | Reached skill level 13 in Stealth
 29331 | D:15     | Found a runed warning-scrawled door.
 29346 | D:15     | Found a runed door.
 29347 | D:15     | Found a runed door.
 29378 | D:15     | Found a sparkling altar of Nemelex Xobeh.
 29463 | D:15     | Reached XP level 16. HP: 100/109 MP: 28/28
 30096 | Depths:1 | Found a one-way gate leading to the halls of Pandemonium.
 30116 | Depths:1 | Found a one-way gate to the infinite horrors of the Abyss.
 30187 | Depths:1 | Demolished by an enormous slime creature

Vault maps used:
D:1:      eino_arrival_tree_alley, moated_statue, minmay_distorted
D:2:      ashenzari_conservatory_becter
D:3:      dancing_weapons_uskayaw, minitemple, minmay_surrounded
D:4:      kiku_gazebo_garden_becter, first_bread, serial_bayou,
          serial_bayou_ford_a, serial_bayou_shore_b, serial_bayou_crossing,
          serial_bayou_pond_a, serial_bayou_pond_e, serial_bayou_lagoon_a
D:6:      grunt_temple_overflow_champion_of_chaos, basic_altar
D:7:      lemuel_doored_altar, minmay_temple_entry_mist
D:8:      kennysheep_mini
D:9:      minmay_lair_entry_grove
D:10:     nicolae_trove_entry_free_sample
D:12:     zombieorc2_lemuel
D:13:     serial_shops, shop, hangedman_little_slice_of_home, minmay_st_funbox,
          minmay_nine_imps, uniq_kirke
D:14:     statuecave_lemuel, david_vaults_3, serial_park_gazebo, serial_shops,
          shop, kennysheep_mini_moat, nicolae_shop_overgrown_old_shop,
          kennysheep_little_box, item_on_display_a
D:15:     grunt_enter_depths_giant_problem, lemuel_crystal_altar,
          amethyst_killhole, mikee_hates_you
Temple:   oiseaux_autumnal_temple
Lair:1:   st_stairs_5, grunt_megastairs_4
Lair:2:   minmay_swamp_entry_worms, spider_nest_entry_webs
Lair:3:   serial_bayou_shore_a
Lair:4:   grunt_megastairs_5
Lair:5:   slime_altar_1, serial_bayou_shore_b
Lair:6:   evilmike_catoblepas_cave, minmay_lair_oklob_chamber
Swamp:1:  portal_ice_cave_entry_pillars_1, evilmike_swamp_ruin_house_3,
          swamp_pool3, st_swamp_ruins_1, infiniplex_staircase_pool, uniq_roxanne
Orc:1:    mines2_lemuel
Orc:2:    grunt_orc_community_town_hall, grunt_orc_community_big_house_1,
          grunt_orc_community_big_house_2, grunt_orc_community_house_2,
          grunt_orc_community_house_2, grunt_orc_community_house_1,
          grunt_orc_community_house_3, grunt_orc_community_house_1, basic_altar,
          nicolae_orc_damp_corner, uniq_nessos
Depths:1: abyss_entry_small_statue_room, pan_entry,
          pf_vacation_house_of_asmodeus, tso_altar, wad_floor_pattern_untrapped,
          serial_sigils_hangedman_gut, serial_bayou_lagoon_b
IceCv:    ice_cave_small_demon

Skill      XL: |  1  2  3  4  5  6  7  8  9 10 11 12 13 14 15 16 |
---------------+-------------------------------------------------+-----
Dodging        | 2 3 4 5 6 7 9 |  9.2
Stealth        | 6 8 9 10 13 | 13.1
Translocations | 1 |  1.7
Fighting       | 3 4 5 7 8 10 | 10.0
Throwing       | 3 4 6 |  6.8
Short Blades   | 3 5 7 8 9 11 | 11.4
Invocations    | 5 6 8 9 11 | 11.2
Spellcasting   | 4 5 8 |  8.1
Necromancy     | 1 3 5 6 7 |  7.7
Charms         | 1 3 5 7 |  7.0
Ice Magic      | 5 7 |  7.2
Conjurations   | 3 |  3.6
Fire Magic     | 3 |  3.6
Shields        | 4 5 |  5.0

Action                   |  1- 3 |  4- 6 |  7- 9 | 10-12 | 13-15 | 16-18 || total
-------------------------+-------+-------+-------+-------+-------+-------++-------
Melee: Dagger            |    57 |   118 |   321 |   673 |  1453 |    78 ||  2700
       Constrict         |    12 |    21 |    52 |    98 |   155 |     7 ||   345
       Tentacles         |     6 |    25 |    78 |   283 |   704 |    30 ||  1126
       Bite              |     1 |     9 |    51 |   193 |   419 |    23 ||   696
 Fire: Blowgun           |       |       |    19 |    21 |     7 |       ||    47
Throw: Javelin           |       |       |       |       |     6 |       ||     6
       Throwing net      |       |       |       |       |     4 |       ||     4
 Cast: Apportation       |       |       |       |     9 |    18 |       ||    27
       Regeneration      |       |       |       |    23 |    85 |     6 ||   114
       Ozocubu's Armour  |       |       |       |    16 |    82 |     5 ||   103
       Vampiric Draining |       |       |       |    11 |    23 |     1 ||    35
       Mephitic Cloud    |       |       |       |     1 |    14 |       ||    15
       Conjure Flame     |       |       |       |       |     2 |       ||     2
       Ensorcelled Hiber |       |       |       |       |    48 |     3 ||    51
       Lesser Beckoning  |       |       |       |       |     6 |       ||     6
Invok: Slouch            |       |       |       |     3 |     7 |       ||    10
Evoke: Wand              |       |       |       |     2 |     8 |     1 ||    11
       Phial of floods   |       |       |       |       |       |     1 ||     1
  Use: Scroll            |    10 |     2 |    10 |     9 |    21 |       ||    52
       Potion            |     1 |       |     2 |     1 |     5 |       ||     9
 Stab: Sleeping          |     9 |    12 |    18 |    24 |    68 |     1 ||   132
       Distracted        |       |     2 |     2 |     2 |     7 |       ||    13
       Confused          |       |       |       |     1 |     8 |       ||     9
       Held in net/web   |       |       |       |       |     5 |       ||     5
  Eat: Chunk             |     2 |     7 |    13 |    10 |     5 |     1 ||    38
       Royal jelly       |       |       |       |     1 |     2 |       ||     3
       Fruit             |       |       |       |     2 |    14 |       ||    16
       Bread ration      |       |       |       |       |     2 |       ||     2
Armor: Skin              |     8 |    16 |    38 |   118 |   260 |     9 ||   449
Dodge: Dodged            |    40 |    64 |   176 |   575 |   970 |    48 ||  1873
Block: Buckler           |       |       |       |       |   509 |    24 ||   533

Table legend:
 A = Spawn XP
 B = Non-spawn XP
 C = Spawn XP percentage of total XP
 D = Spawn monster count
 E = Non-spawn monster count
 F = Spawn count percentage of total count
 G = Total turns spent on level
                    A         B        C        D         E        F      G
               +---------+---------+-------+---------+---------+-------+---------
         Total |       0 |  133897 |   0.0 |       0 |     808 |   0.0 | 30187
               +---------+---------+-------+---------+---------+-------+---------
           D:1 |       0 |      26 |   0.0 |       0 |      14 |   0.0 |   925
           D:2 |       0 |      48 |   0.0 |       0 |      14 |   0.0 |   778
           D:3 |       0 |     177 |   0.0 |       0 |      32 |   0.0 |  1134
           D:4 |       0 |     269 |   0.0 |       0 |      12 |   0.0 |  1257
           D:5 |       0 |     527 |   0.0 |       0 |      12 |   0.0 |  1090
           D:6 |       0 |    1517 |   0.0 |       0 |      35 |   0.0 |  1466
           D:7 |       0 |     465 |   0.0 |       0 |      19 |   0.0 |   648
           D:8 |       0 |     800 |   0.0 |       0 |      14 |   0.0 |   749
           D:9 |       0 |    3240 |   0.0 |       0 |      41 |   0.0 |  2194
          D:10 |       0 |    6683 |   0.0 |       0 |      65 |   0.0 |  1473
          D:11 |       0 |    5198 |   0.0 |       0 |      34 |   0.0 |   817
          D:12 |       0 |    9365 |   0.0 |       0 |      66 |   0.0 |  1788
          D:13 |       0 |   22292 |   0.0 |       0 |      91 |   0.0 |  2207
          D:14 |       0 |    8802 |   0.0 |       0 |      33 |   0.0 |   948
          D:15 |       0 |   11240 |   0.0 |       0 |      24 |   0.0 |   868
        Lair:1 |       0 |    2963 |   0.0 |       0 |      12 |   0.0 |   916
        Lair:2 |       0 |    2138 |   0.0 |       0 |      11 |   0.0 |   867
        Lair:3 |       0 |    1796 |   0.0 |       0 |       7 |   0.0 |   951
        Lair:4 |       0 |    5653 |   0.0 |       0 |      22 |   0.0 |   797
        Lair:5 |       0 |    4986 |   0.0 |       0 |      25 |   0.0 |  1261
        Lair:6 |       0 |   21857 |   0.0 |       0 |      58 |   0.0 |  2435
       Swamp:1 |       0 |    2715 |   0.0 |       0 |       8 |   0.0 |   162
         Orc:1 |       0 |    4308 |   0.0 |       0 |      33 |   0.0 |   646
         Orc:2 |       0 |    9995 |   0.0 |       0 |      94 |   0.0 |  1200
      Depths:1 |       0 |    1517 |   0.0 |       0 |       3 |   0.0 |   177
         IceCv |       0 |    5320 |   0.0 |       0 |      29 |   0.0 |  2226
               +---------+---------+-------+---------+---------+-------+---------
